[ AOE2 MATCH · #506516433 ]
UnrankedKhmer vs Celts
Player's team · LOSS
Rival team · WIN
[ REPLAY ANALYSIS · EXTRACTED FROM THE RECORDED GAME ]
Feudal
10:40
Castle
14:28
Imperial
—
| APM avg | 33.9 |
| APM peak | 57 |
| eAPM avg | 20.1 |
| Villagers / military | 35 / 13 |
Focus
⚔️ 38.6% · 🌾 61.4%
Scorpion ×8 · Knight ×4 · Monk ×1
Feudal
8:50
Castle
20:36
Imperial
—
| APM avg | 62.5 |
| APM peak | 94 |
| eAPM avg | 32.6 |
| Villagers / military | 55 / 32 |
Focus
⚔️ 38.4% · 🌾 61.6%
Archer ×20 · Militia ×10 · Spearman ×2
Match map
Initial resources + every placement click. Lines = walls · curves = elevation contours. ◆ gold · ⬟ stone · ● berries · ✦ relic · ◌ wall gap
Your base· Open — 4t gap
Road to 2k's base· Open — 4t gap
Smoothed initial terrain · ◌ = detected wall gap · hover for details
Inputs per minute
— [ECU] Shamash - - Road to 2k
Build order — [ECU] Shamash
102 actions detected in the replay
| 0:01 | Queue | Villager (Male) |
| 0:01 | Queue | Villager (Male) |
| 0:02 | Queue | Villager (Male) |
| 0:02 | Build | House |
| 0:04 | Build | House |
| 0:05 | Queue | Villager (Male) |
| 1:27 | Queue | Villager (Male) |
| 1:52 | Queue | Villager (Male) |
| 1:59 | Build | Lumber Camp |
| 2:19 | Queue | Villager (Male) |
| 2:39 | Queue | Villager (Male) |
| 3:03 | Build | House |
| 3:30 | Queue | Villager (Male) |
| 3:31 | Queue | Villager (Male) |
| 4:12 | Queue | Villager (Male) |
| 4:37 | Queue | Villager (Male) |
| 4:51 | Queue | Villager (Male) |
| 4:54 | Build | House |
| 5:18 | Build | Mill |
| 5:31 | Queue | Villager (Male) |
| 5:32 | Queue | Villager (Male) |
| 6:02 | Build | House |
| 6:04 | Build | Palisade Wall |
| 6:06 | Build | Palisade Wall |
| 6:08 | Queue | Villager (Male) |
| 6:34 | Queue | Villager (Male) |
| 6:58 | Build | Palisade Wall |
| 7:00 | Build | Palisade Wall |
| 7:19 | Build | Palisade Wall |
| 7:24 | Build | Mining Camp |
| 7:37 | Research | Feudal Age |
| 7:40 | Research | Loom |
| 7:40 | Queue | Villager (Male) |
| 8:15 | Research | Feudal Age |
| 8:39 | Build | Palisade Wall |
| 8:41 | Build | Palisade Wall |
| 8:56 | Build | Palisade Wall |
| 8:57 | Build | Palisade Wall |
| 8:58 | Build | Palisade Wall |
| 9:00 | Build | Palisade Wall |
| 9:01 | Build | Palisade Wall |
| 9:05 | Build | House |
| 9:07 | Build | Palisade Wall |
| 9:08 | Build | Palisade Wall |
| 9:22 | Build | Palisade Wall |
| 9:23 | Build | Palisade Wall |
| 9:24 | Build | Palisade Wall |
| 10:40 | Age | Feudal Age |
| 10:43 | Build | Palisade Wall |
| 10:49 | Queue | Villager (Male) |
| 11:01 | Queue | Villager (Male) |
| 11:20 | Queue | Villager (Male) |
| 11:48 | Research | Castle Age |
| 11:48 | Research | Castle Age |
| 13:01 | Build | Stable |
| 13:03 | Build | Palisade Wall |
| 13:04 | Build | Palisade Wall |
| 13:06 | Build | Palisade Wall |
| 14:28 | Age | Castle Age |
| 14:30 | Queue | Villager (Male) |
| 14:34 | Queue | Knight |
| 14:35 | Queue | Knight |
| 14:51 | Queue | Villager (Male) |
| 14:58 | Queue | Villager (Male) |
| 15:01 | Build | Town Center |
| 15:06 | Queue | Villager (Male) |
| 15:21 | Build | Siege Workshop |
| 15:23 | Queue | Villager (Male) |
| 16:05 | Queue | Scorpion |
| 16:07 | Build | House |
| 16:43 | Build | House |
| 16:45 | Build | House |
| 16:54 | Queue | Knight |
| 16:56 | Queue | Scorpion |
| 16:57 | Build | House |
| 17:01 | Queue | Villager (Male) |
| 17:17 | Build | Mining Camp |
| 17:31 | Queue | Villager (Male) |
| 17:35 | Build | Farm |
| 17:41 | Build | Farm |
| 17:42 | Build | Farm |
| 18:24 | Build | Monastery |
| 18:47 | Queue | Villager (Male) |
| 18:51 | Queue | Villager (Male) |
| 18:59 | Queue | Scorpion |
| 19:19 | Queue | Monk |
| 19:36 | Queue | Villager (Male) |
| 19:40 | Build | Town Center |
| 19:47 | Queue | Scorpion |
| 20:29 | Queue | Villager (Male) |
| 20:31 | Build | Farm |
| 20:32 | Build | Farm |
| 20:41 | Queue | Scorpion |
| 21:07 | Build | Farm |
| 21:09 | Build | Farm |
| 21:15 | Queue | Scorpion |
| 21:25 | Queue | Villager (Male) |
| 21:41 | Queue | Scorpion |
| 22:27 | Queue | Scorpion |
| 22:31 | Queue | Knight |
| 22:39 | Queue | Villager (Male) |
| 22:41 | Queue | Villager (Male) |
Build order — Road to 2k
139 actions detected in the replay
| 0:00 | Queue | Villager (Male) |
| 0:01 | Queue | Villager (Male) |
| 0:01 | Build | House |
| 0:03 | Build | House |
| 0:09 | Queue | Villager (Male) |
| 0:19 | Queue | Villager (Male) |
| 1:32 | Queue | Villager (Male) |
| 1:47 | Build | Lumber Camp |
| 2:02 | Queue | Villager (Male) |
| 2:02 | Queue | Villager (Male) |
| 2:03 | Queue | Villager (Male) |
| 2:39 | Queue | Villager (Male) |
| 3:08 | Queue | Villager (Male) |
| 3:40 | Queue | Villager (Male) |
| 3:48 | Build | House |
| 4:01 | Queue | Villager (Male) |
| 4:02 | Queue | Villager (Male) |
| 4:20 | Queue | Villager (Male) |
| 4:34 | Build | Barracks |
| 5:06 | Build | House |
| 5:23 | Queue | Villager (Male) |
| 5:23 | Queue | Villager (Male) |
| 5:42 | Research | Loom |
| 5:45 | Queue | Villager (Male) |
| 5:48 | Research | Loom |
| 5:57 | Queue | Villager (Male) |
| 6:21 | Build | Mining Camp |
| 6:36 | Research | Feudal Age |
| 6:47 | Queue | Militia |
| 7:02 | Queue | Militia |
| 7:23 | Queue | Militia |
| 7:23 | Queue | Militia |
| 7:42 | Build | Mill |
| 7:44 | Queue | Militia |
| 8:16 | Queue | Villager (Male) |
| 8:32 | Build | House |
| 8:50 | Age | Feudal Age |
| 8:52 | Research | Man-at-Arms (upgrade) |
| 8:54 | Research | Double-Bit Axe |
| 9:01 | Build | Archery Range |
| 9:13 | Queue | Villager (Male) |
| 9:13 | Queue | Villager (Male) |
| 9:38 | Research | Arson |
| 9:51 | Build | House |
| 9:54 | Queue | Villager (Male) |
| 10:20 | Queue | Villager (Male) |
| 10:20 | Queue | Villager (Male) |
| 10:24 | Build | Blacksmith |
| 10:31 | Queue | Archer |
| 10:31 | Queue | Archer |
| 10:42 | Queue | Villager (Male) |
| 11:03 | Queue | Villager (Male) |
| 11:04 | Queue | Archer |
| 11:11 | Build | Farm |
| 11:12 | Build | Farm |
| 11:25 | Queue | Villager (Male) |
| 11:37 | Queue | Archer |
| 11:50 | Build | House |
| 12:01 | Queue | Villager (Male) |
| 12:04 | Queue | Villager (Male) |
| 12:07 | Build | Farm |
| 12:14 | Queue | Archer |
| 12:24 | Queue | Villager (Male) |
| 12:33 | Research | Fletching |
| 12:50 | Queue | Archer |
| 12:50 | Queue | Archer |
| 12:51 | Queue | Villager (Male) |
| 12:58 | Build | Farm |
| 12:59 | Build | Farm |
| 13:01 | Build | Farm |
| 13:05 | Build | House |
| 13:17 | Queue | Villager (Male) |
| 13:17 | Queue | Villager (Male) |
| 13:24 | Queue | Spearman |
| 13:35 | Build | Farm |
| 13:41 | Queue | Villager (Male) |
| 13:44 | Queue | Archer |
| 13:56 | Queue | Villager (Male) |
| 14:02 | Queue | Archer |
| 14:09 | Build | Farm |
| 14:12 | Build | Farm |
| 14:15 | Queue | Villager (Male) |
| 14:20 | Queue | Villager (Male) |
| 14:22 | Build | House |
| 14:22 | Build | House |
| 14:23 | Build | House |
| 14:23 | Build | House |
| 14:23 | Build | House |
| 14:26 | Queue | Archer |
| 14:36 | Build | Farm |
| 14:41 | Queue | Villager (Male) |
| 14:53 | Build | Mining Camp |
| 15:06 | Queue | Archer |
| 15:07 | Queue | Villager (Male) |
| 15:12 | Queue | Villager (Male) |
| 15:32 | Queue | Archer |
| 15:33 | Queue | Villager (Male) |
| 15:48 | Queue | Archer |
| 15:54 | Queue | Villager (Male) |
| 16:17 | Queue | Villager (Male) |
| 16:20 | Build | Market |
| 17:02 | Build | House |
| 17:03 | Build | House |
| 17:04 | Build | House |
| 17:11 | Build | Farm |
| 17:14 | Queue | Archer |
| 17:17 | Queue | Villager (Male) |
| 17:35 | Build | Farm |
| 17:56 | Research | Castle Age |
| 17:57 | Research | Castle Age |
| 18:29 | Queue | Spearman |
| 19:01 | Queue | Villager (Male) |
| 19:07 | Queue | Archer |
| 19:20 | Queue | Militia |
| 19:30 | Build | Mill |
| 19:31 | Queue | Villager (Male) |
| 19:39 | Queue | Archer |
| 19:40 | Queue | Archer |
| 19:51 | Queue | Villager (Male) |
| 20:01 | Queue | Archer |
| 20:02 | Queue | Militia |
| 20:05 | Research | Scale Mail Armor |
| 20:34 | Queue | Militia |
| 20:36 | Age | Castle Age |
| 20:42 | Research | Crossbowman (upgrade) |
| 20:43 | Research | Bodkin Arrow |
| 21:00 | Queue | Villager (Male) |
| 21:29 | Queue | Villager (Male) |
| 21:37 | Queue | Villager (Male) |
| 21:41 | Queue | Villager (Male) |
| 22:20 | Queue | Archer |
| 22:21 | Queue | Villager (Male) |
| 22:29 | Queue | Villager (Male) |
| 22:30 | Queue | Archer |
| 22:33 | Queue | Villager (Male) |
| 22:35 | Queue | Militia |
| 22:35 | Queue | Militia |
| 22:46 | Build | Castle |
| 23:03 | Queue | Villager (Male) |
Match timeline
| 4:34 | Road to 2k · first_building Barracks |
| 6:04 | [ECU] Shamash · wall_segment Palisade Wall x1 |
| 6:06 | [ECU] Shamash · wall_segment Palisade Wall x1 |
| 6:58 | [ECU] Shamash · wall_segment Palisade Wall x1 |
| 7:00 | [ECU] Shamash · wall_segment Palisade Wall x1 |
| 7:19 | [ECU] Shamash · wall_segment Palisade Wall x2 |
| 8:39 | [ECU] Shamash · wall_segment Palisade Wall x3 |
| 8:41 | [ECU] Shamash · wall_segment Palisade Wall x1 |
| 8:50 | Road to 2k · age_up feudal |
| 8:56 | [ECU] Shamash · wall_segment Palisade Wall x1 |
| 8:57 | [ECU] Shamash · wall_segment Palisade Wall x1 |
| 8:58 | [ECU] Shamash · wall_segment Palisade Wall x1 |
| 9:00 | [ECU] Shamash · wall_segment Palisade Wall x1 |
| 9:01 | [ECU] Shamash · wall_segment Palisade Wall x1 |
| 9:01 | Road to 2k · first_building Archery Range |
| 9:07 | [ECU] Shamash · wall_segment Palisade Wall x1 |
| 9:08 | [ECU] Shamash · wall_segment Palisade Wall x1 |
| 9:22 | [ECU] Shamash · wall_segment Palisade Wall x1 |
| 9:23 | [ECU] Shamash · wall_segment Palisade Wall x1 |
| 9:24 | [ECU] Shamash · wall_segment Palisade Wall x1 |
| 10:40 | [ECU] Shamash · age_up feudal |
| 10:43 | [ECU] Shamash · wall_segment Palisade Wall x1 |
| 13:01 | [ECU] Shamash · first_building Stable |
| 13:03 | [ECU] Shamash · wall_segment Palisade Wall x1 |
| 13:04 | [ECU] Shamash · wall_segment Palisade Wall x1 |
| 13:06 | [ECU] Shamash · wall_segment Palisade Wall x1 |
| 14:28 | [ECU] Shamash · age_up castle |
| 15:21 | [ECU] Shamash · first_building Siege Workshop |
| 17:55 | Road to 2k · first_market_buy 100 food |
| 17:56 | Road to 2k · first_market_sell 100 wood |
| 18:24 | [ECU] Shamash · first_building Monastery |
| 20:36 | Road to 2k · age_up castle |
| 22:46 | Road to 2k · first_building Castle |
| 23:05 | [ECU] Shamash · resign |
[ AI ANALYSIS · 1 CREDIT ]
What really happened in this match?
Wolo.gg analyzes every decision: build order, eco, micro, common mistakes by bracket. Personalized analysis on WhatsApp or Discord in 30 seconds.
Civ guide
Khmer
Perfil
Jugador #270210